 Dungeon Crawl Stone Soup version 0.29-a0-911-g88e6f02907 (webtiles) character file.

Game seed: 18276258430667656049

84162 scionoferis the Destroyer (level 15, 121/121 HPs)
             Began as a Demonspawn Conjurer on July 23, 2022.
             Was an Elder of Vehumet.
             Got out of the dungeon alive.
             The game lasted 02:42:47 (33675 turns).

scionoferis the Destroyer (Demonspawn Conjurer)    Turns: 33675, Time: 02:42:47

Health: 121/121    AC: 12    Str: 11    XL:     15   Next: 34%
Magic:  38/38      EV: 13    Int: 29    God:    Vehumet [****..]
Gold:   2714       SH:  0    Dex: 12    Spells: 3/35 levels left

rFire   . . .      SeeInvis +   a - +8 whip "Snakebite" {venom, curare, rPois}
rCold   + . .      Faith    .   (no shield)
rNeg    . . .      Spirit   .   l - +2 ring mail {rC+}
rPois   +          Reflect  .   (helmet unavailable)
rElec   .          Harm     .   P - scarf {repulsion}
rCorr   .          Rampage  .   (no gloves)
Will    +....                   v - +0 pair of boots
Stlth   +.........              (no amulet)
HPRegen 0.30/turn               F - ring of magical power
MPRegen 0.26/turn               A - +6 ring of intelligence

@: repel missiles
A: antennae 3, rugged brown scales 3, demonic guardian 1, powered by pain 2,
hooves 1, wild magic 1
a: Renounce Religion


You escaped.
You worshipped Vehumet.
Vehumet was greatly pleased with you.
You visited 4 branches of the dungeon, and saw 21 of its levels.

You collected 2714 gold pieces.

Inventory:

Hand Weapons
 a - the +8 whip "Snakebite" (weapon) {venom, curare, rPois}
   (You found it on level 1 of the Lair of Beasts)

   It poisons the flesh of those it strikes.
   It occasionally inflicts asphyxiating poison on those it strikes, dealing
   poison damage and causing slowness.
   rPois:     It protects you from poison.
 t - a +0 sling
 K - a +2 dagger of electrocution
 T - a +4 vampiric great sword
Missiles
 s - 41 poisoned darts
 u - 2 silver boomerangs
 C - 12 boomerangs (quivered)
 I - a throwing net
Armour
 b - a +2 robe of resistance
 l - a +2 ring mail of cold resistance (worn)
 v - a +0 pair of boots (worn)
 y - +0 acid dragon scales
 M - a +2 robe of willpower
 O - a +1 robe of positive energy
 P - a scarf of repulsion (worn)
Magical Staves
 c - a staff of poison
Jewellery
 g - a ring of ice
 p - a ring of ice
 A - a +6 ring of intelligence (right hand)
 F - a ring of magical power (left hand)
 X - a ring of fire
Wands
 j - a wand of roots (1)
 q - a wand of mindburst (16)
 G - a wand of polymorph (3)
Scrolls
 i - 3 scrolls of blinking
 o - 12 scrolls of teleportation
 w - 3 scrolls of butterflies
 D - a scroll of magic mapping
 E - 4 scrolls of fear
 J - a scroll of summoning
 N - 5 scrolls of identify
 S - a scroll of poison
 U - 2 scrolls of silence
Potions
 d - 2 potions of magic
 e - a potion of ambrosia {unknown}
 f - 10 potions of curing
 h - 4 potions of haste
 m - 2 potions of berserk rage
 n - 6 potions of flight
 r - a potion of resistance
 x - 2 potions of brilliance
 z - 5 potions of heal wounds
 H - 4 potions of might
 Q - 2 potions of cancellation


   Skills:
 + Level 9.5 Fighting
 - Level 4.4 Short Blades
 - Level 6.0 Armour
 + Level 9.0 Dodging
 - Level 1.7 Stealth
 + Level 10.8 Spellcasting
 + Level 11.7 Conjurations
 - Level 5.0 Hexes
 - Level 5.0 Translocations
 * Level 8.2 Fire Magic
 + Level 10.4 Ice Magic
 - Level 5.0 Air Magic


You had 3 spell levels left.
You knew the following spells:

 Your Spells              Type           Power      Damage    Failure   Level
a - Magic Dart            Conj           100%       1d8       1%          1
b - Searing Ray           Conj           100%       2d8       1%          2
c - Fulminant Prism       Conj/Hex       35%        3d18      1%          4
d - Frozen Ramparts       Ice            100%       1d12      1%          3
e - Hailstorm             Conj/Ice       81%        3d16      1%          4
f - Apportation           Tloc           100%       N/A       1%          1
g - Freezing Cloud        Conj/Ice/Air   36%        6-21      2%          5
h - Iskenderun's Mystic   Conj/Tloc      70%        2d14      1%          4
i - Fireball              Conj/Fire      38%        3d16      1%          5
j - Ozocubu's Armour      Ice            78%        N/A       1%          3

Your spell library contained the following spells:

 Spells                   Type           Power      Damage    Failure   Level
 Starburst                Conj/Fire      38%        6d11      7%          6
 Freeze                   Ice            100%       1d11      1%          1
 Slow                     Hex            100%       N/A       1%          1
 Poisonous Vapours        Pois/Air       78%        N/A       1%          2
 Dazzling Flash           Conj/Hex       100%       N/A       1%          3
 Inner Flame              Hex/Fire       63%        N/A       1%          3
 Mephitic Cloud           Conj/Pois/Air  58%        N/A       1%          3
 Stone Arrow              Conj/Erth      100%       3d13      1%          3
 Sandblast                Erth           40%        2d10      3%          1
 Ignite Poison            Fire/Tmut/Pois 41%        N/A       3%          3
 Confusing Touch          Hex            55%        N/A       4%          3
 Portal Projectile        Hex/Tloc       100%       N/A       4%          3
 Tukima's Dance           Hex            55%        N/A       4%          3
 Sting                    Tmut/Pois      80%        1d7       12%         1
 Passwall                 Tmut/Erth      16%        N/A       16%         2
 Vampiric Draining        Necr           20%        2d7       30%         3
 Iskenderun's Battlesphe  Conj           83%        2d13      1%          5
 Conjure Ball Lightning   Conj/Air       35%        3x3d11    13%         6
 Cause Fear               Hex            27%        N/A       14%         4
 Orb of Destruction       Conj           41%        9d11      17%         7
 Olgreb's Toxic Radiance  Pois           20%        N/A       24%         4
 Ozocubu's Refrigeration  Ice            39%        4d12      26%         7
 Iron Shot                Conj/Erth      29%        9d6       30%         6
 Animate Armour           Summ/Erth      40%        N/A       67%         4
 Alistair's Intoxication  Tmut/Pois      13%        N/A       94%         5
 Blade Hands              Tmut           10%        N/A       94%         5
 Borgnjor's Vile Clutch   Necr/Erth      10%        N/A       94%         5
 Eringya's Noxious Bog    Tmut/Pois      10%        N/A       95%         6
 Discord                  Hex            27%        N/A       100%        8


Dungeon Overview and Level Annotations

Branches:
Dungeon (12/15)            Temple (1/1) D:5            Lair (5/5) D:8
  Swamp (3/4) Lair:2       Spider (0/4) Lair:2        Slime (0/5) Lair:4
    Orc (0/2) D:10

Altars:
Ashenzari
Cheibriados
Dithmenos
Fedhas
Gozag
Hepliaklqana
Kikubaaqudgha
Makhleb
Nemelex Xobeh
Okawaru
Qazlal
Ru
Sif Muna
Trog
Uskayaw
Vehumet
Wu Jian
Xom
Yredelemnul
Jiyva

Shops:
D:10 [   D:11 =


Innate Abilities, Weirdness & Mutations

You have a pair of large antennae on your head. (SInv)
You are completely covered in rugged brown scales. (AC +3, +7% HP)
A weak demonic guardian rushes to your aid.
You sometimes gain power by taking damage.
You have large cloven feet.
Your spells are a little harder to cast, but a little more powerful.


Message History

There is a stone staircase leading down here.
Things that are here:
a +0 ring mail; a +0 trident
Things that are here:
a +0 club; a +0 spear; a +0 whip
There is a stone staircase leading up, spattered with blood here.
You climb upwards.
There is a stone staircase leading down here.
There is a stone staircase leading up here.
You climb upwards.
There is a stone staircase leading down here.
There is a stone staircase leading up here.
You climb upwards.
There is a stone staircase leading down here.
You see here a +0 short sword.
A goblin comes into view. It is wielding a +0 club.
Casting: Ozocubu's Armour (safe; 1% risk of failure)
Confirm with . or Enter, or press ? or * to list all spells.
Aiming: Fireball (mildly dangerous; 1% risk of failure)
Press: ? - help, Shift-Dir - straight line, f - goblin
Aim: a goblin, wielding a +0 club (wandering, hasn't noticed you)
The fireball explodes!
The fireball engulfs the goblin!!
You kill the goblin!
Vehumet accepts your kill.
Unknown command.
(D) Dungeon (T) Temple (L) Lair (S) Swamp (N) Spider Nest (M) Slime Pits (O) Orcish Mines
Where to? (Enter - D:1, ? - help)
e - a sapphire potion;
N - 5 scrolls of identify (gained 1)
You now have 2714 gold pieces (gained 11).
Things that are here:
a +0 club; a goblin corpse
There is a stone staircase leading up here.
You climb upwards.
There is a stone staircase leading down here.
There is a stone staircase leading down here.
Magic restored.
There is a staircase leading out of the dungeon here.
Are you sure you want to leave the Dungeon?
This will make you lose the game!
You have escaped!

#........#..####........##.###
########.####...##.##...#.##.##.
#...####.# ###.........#.##.#..
#.#.##..## #......####...##....
#.#....#.####.....####.#........
#..######...###.###...##....#...
##.# ###...###...###.....#...
#.######.##(......###......#...
#.........###.@.### #........>.
#........##.......###......###.
#......###...###...###.....###.
#.....##...### ###...##....#...
#.....#.#### ####.#>^..#.#.
###......##..# ##.#...#.).
.............# #...#.....
.............#############.#..##.
.............##.........##.#.....


There were no monsters in sight!

Vanquished Creatures
  Jorgrun (Swamp:3)
  Rupert (Lair:3)
  Gastronok (Lair:3)
  A thorn hunter (Swamp:2)
  2 eleionomae
  5 bunyips
  Josephine (Lair:5)
  A boulder beetle (D:12)
  The ghost of flotson the Fighter, a journeyman DsDe (D:9)
  11 hydras
  3 ghost crabs
  2 catoblepae (Lair:2)
  5 two-headed ogres
  4 alligators
  13 spriggans
  Lodul (D:11)
  A fire crab (Lair:5)
  2 swamp dragons
  3 spriggan druids
  5 goliath frogs
  The ghost of Veterankin the Cleaver, a novice HOFi of the Shining One (D:5)
  2 bog bodies
  5 lindwurms
  An orc knight (D:10)
  A will-o-the-wisp (Swamp:3)
  4 oklob plants (Lair:4)
  11 elephants
  3 cyclopes
  A torpor snail (Lair:5)
  A black mamba (Lair:2)
  16 cane toads
  Maggie (Lair:1)
  8 komodo dragons
  A bloated husk (Swamp:2)
  7 hornets
  A polar bear (Lair:2)
  6 slime creatures (D:12)
  3 trolls
  12 tyrant leeches
  Prince Ribbit (Lair:3)
  26 blink frogs
  2 jumping spiders (Lair:2)
  A vampire (D:11)
  4 wyverns
  5 wraiths
  23 yaks
  4 basilisks
  A human (D:9)
  5 redbacks (Lair:2)
  8 vampire mosquitoes
  11 swamp worms
  2 acid dragons (D:10)
  18 water moccasins
  8 orc warriors
  6 swamp drakes
  4 sky beasts
  2 black bears (Lair:2)
  9 centaurs
  8 wolves
  11 ogres
  A kobold brigand (D:7)
  17 bullfrogs
  4 gnoll sergeants
  2 necrophages (D:4)
  3 scorpions
  3 wights (D:8)
  9 killer bees (D:9)
  2 howler monkeys
  4 electric eels
  2 jellies (D:7)
  7 hounds
  A gnoll bouda (D:10)
  6 orc priests
  5 iguanas
  9 orc wizards
  14 adders
  22 gnolls
  2 shadow imps
  A white imp (D:4)
  4 ufetubi
  2 dart slugs
  42 orcs
  13 ball pythons
  4 bats
  6 endoplasms
  A giant cockroach (D:1)
  10 goblins
  5 hobgoblins
  7 jackals
  12 kobolds
  5 quokkas
  2 frilled lizards
  A goblin skeleton (D:9)
  A jackal zombie (D:9)
  8 rats
  A fulminant prism (D:8)
546 creatures vanquished.

Vanquished Creatures (collateral kills)
  A hydra (D:11)
  2 blink frogs (Lair:5)
  An orc (D:10)
4 creatures vanquished.

Vanquished Creatures (others)
  A bloated husk (Swamp:2)
  2 demonic plants (D:4)
  8 foxfires (Swamp:3)
  110 fulminant prisms
  31 fungi
  101 plants
  2 withered plants (D:9)
255 creatures vanquished.

Grand Total: 805 creatures vanquished

Notes
Turn   | Place    | Note
-------+----------+-------------------------------------------
     0 | D:1      | scionoferis the Demonspawn Conjurer began the quest for the
                  | Orb.
     0 | D:1      | Reached XP level 1. HP: 13/13 MP: 3/3
   186 | D:1      | Gained mutation: You are partially covered in rugged brown
                  | scales. (AC +1, +3% HP) [demonic ancestry]
   186 | D:1      | Reached XP level 2. HP: 12/19 MP: 0/5
   194 | D:1      | Learned a level 2 spell: Searing Ray
   572 | D:1      | Found a faded altar of an unknown god.
   933 | D:2      | Gained mutation: You sometimes gain a little power by
                  | taking damage. [demonic ancestry]
   933 | D:2      | Reached XP level 3. HP: 24/24 MP: 4/6
  1173 | D:2      | Found an opulent altar of Gozag.
  1258 | D:2      | Reached skill level 5 in Conjurations
  1483 | D:2      | Reached XP level 4. HP: 30/30 MP: 3/8
  1488 | D:2      | Learned a level 4 spell: Fulminant Prism
  2054 | D:3      | Found an opulent altar of Gozag.
  2125 | D:3      | Found Pymmoyf's Magic Scroll Shoppe.
  2248 | D:3      | Reached skill level 1 in Hexes
  2637 | D:4      | Noticed a necrophage
  2642 | D:4      | Killed a necrophage
  2643 | D:4      | Gained mutation: You have a pair of small antennae on your
                  | head. [demonic ancestry]
  2643 | D:4      | Reached XP level 5. HP: 28/36 MP: 1/9
  2818 | D:4      | Found an ancient bone altar of Kikubaaqudgha.
  3089 | D:4      | Gained mutation: You have a pair of antennae on your head.
                  | [demonic ancestry]
  3089 | D:4      | Reached XP level 6. HP: 42/42 MP: 5/11
  3600 | D:4      | Found a broken altar of Ashenzari.
  3907 | D:5      | Entered Level 5 of the Dungeon
  3928 | D:5      | Identified a scroll of acquirement
  3932 | D:4      | Acquired 806 gold pieces
  4012 | D:5      | Reached skill level 6 in Conjurations
  4107 | D:5      | Found a staircase to the Ecumenical Temple.
  4120 | Temple   | Entered the Ecumenical Temple
  4293 | Temple   | Became a worshipper of Vehumet
  4336 | D:5      | Reached XP level 7. HP: 44/47 MP: 13/13
  4340 | D:5      | Learned a level 3 spell: Frozen Ramparts
  4460 | D:5      | Reached skill level 1 in Ice Magic
  4569 | D:5      | Found a runed translucent door.
  4937 | D:5      | Found an iron altar of Okawaru.
  5148 | D:5      | Noticed Veterankin's ghost (novice HOFi)
  5383 | D:6      | Upgraded the game from 0.29-a0-892-g2c4c91d9db to
                  | 0.29-a0-911-g88e6f02907
  5716 | D:6      | Found a blossoming altar of Fedhas.
  5919 | D:6      | Gained mutation: A weak demonic guardian rushes to your
                  | aid. [demonic ancestry]
  5919 | D:6      | Reached XP level 8. HP: 11/53 MP: 14/14
  6280 | D:6      | Reached skill level 5 in Hexes
  6287 | D:6      | Learned a level 4 spell: Hailstorm
  6635 | D:7      | Reached skill level 5 in Spellcasting
  6941 | D:7      | Reached skill level 1 in Fighting
  7379 | D:7      | Learned a level 1 spell: Apportation
  7470 | D:7      | Found a stormy altar of Qazlal.
  7498 | D:7      | Reached skill level 7 in Conjurations
  8006 | D:8      | Noticed a troll
  8013 | D:8      | Killed a troll
  8014 | D:8      | Gained mutation: You sometimes gain power by taking damage.
                  | [demonic ancestry]
  8014 | D:8      | Reached XP level 9. HP: 51/62 MP: 15/17
  8159 | D:8      | Reached skill level 1 in Short Blades
  8495 | D:8      | Noticed a two-headed ogre
  8500 | D:8      | Killed a two-headed ogre
  8501 | D:8      | Reached skill level 5 in Ice Magic
  8624 | D:8      | Reached * piety under Vehumet
  8624 | D:8      | Offered knowledge of Sandblast by Vehumet.
  8880 | D:8      | Found a sacrificial altar of Ru.
  9081 | D:8      | Found a staircase to the Lair.
  9392 | D:8      | Found a hide-covered altar of Uskayaw.
  9725 | D:9      | Gained mutation: You are mostly covered in rugged brown
                  | scales. (AC +2, +5% HP) [demonic ancestry]
  9725 | D:9      | Reached XP level 10. HP: 65/73 MP: 20/20
  9870 | D:9      | Reached skill level 1 in Translocations
 10097 | D:9      | Found a burning altar of Makhleb.
 10189 | D:9      | Noticed a two-headed ogre
 10201 | D:9      | Killed a two-headed ogre
 10406 | D:9      | Found a runed translucent door.
 10406 | D:9      | Noticed flotson's ghost (journeyman DsDe)
 10426 | D:9      | Found a runed translucent door.
 10431 | D:9      | Found a basalt altar of Yredelemnul.
 10924 | D:9      | Reached skill level 1 in Armour
 10924 | D:9      | Offered knowledge of Static Discharge by Vehumet.
 11022 | D:10     | Entered Level 10 of the Dungeon
 11022 | D:10     | Found Ryegris's Armour Shoppe.
 11199 | D:10     | Reached ** piety under Vehumet
 11422 | D:10     | Noticed an orc knight
 11759 | D:10     | Killed an orc knight
 11760 | D:10     | Reached skill level 5 in Armour
 12359 | D:10     | Reached skill level 8 in Conjurations
 13073 | D:10     | Found a staircase to the Orcish Mines.
 13366 | Lair:1   | Entered Level 1 of the Lair of Beasts
 13576 | Lair:1   | Noticed Maggie
 13587 | Lair:1   | Killed Maggie
 13588 | Lair:1   | Reached XP level 11. HP: 80/80 MP: 16/22
 13745 | Lair:1   | Offered knowledge of Poisonous Vapours by Vehumet.
 13769 | Lair:1   | Learned a level 5 spell: Freezing Cloud
 13945 | Lair:1   | Noticed a lindwurm
 13965 | Lair:1   | Noticed a lindwurm
 13965 | Lair:1   | Noticed a lindwurm
 13966 | Lair:1   | Noticed a lindwurm
 13973 | Lair:1   | Killed a lindwurm
 13974 | Lair:1   | Reached skill level 1 in Air Magic
 14264 | Lair:1   | Killed a lindwurm
 14915 | Lair:1   | Killed a lindwurm
 15216 | Lair:1   | Killed a lindwurm
 15977 | Lair:1   | Found the +8 whip "Snakebite" {venom, curare, rPois}
 16593 | Lair:2   | Noticed a catoblepas
 16923 | Lair:2   | Killed a catoblepas
 16924 | Lair:2   | Reached skill level 5 in Fighting
 17221 | Lair:2   | Reached *** piety under Vehumet
 17246 | Lair:1   | Learned a level 4 spell: Iskenderun's Mystic Blast
 17471 | Lair:2   | Noticed a lindwurm
 17475 | Lair:2   | Killed a lindwurm
 17476 | Lair:2   | Reached skill level 5 in Dodging
 17690 | Lair:2   | Found a hole to the Spider Nest.
 18181 | Lair:2   | Noticed a five-headed hydra
 18183 | Lair:2   | Noticed a four-headed hydra
 18187 | Lair:2   | Killed a five-headed hydra
 18188 | Lair:2   | Killed a four-headed hydra
 18189 | Lair:2   | Reached XP level 12. HP: 67/90 MP: 18/24
 18352 | Lair:2   | Found a staircase to the Swamp.
 18438 | Lair:2   | Noticed a catoblepas
 18468 | Lair:2   | Killed a catoblepas
 19025 | Lair:3   | Reached skill level 9 in Conjurations
 19039 | Lair:3   | Noticed Prince Ribbit
 19043 | Lair:3   | Killed Prince Ribbit
 19360 | Lair:3   | Offered knowledge of Sticky Flame by Vehumet.
 19564 | Lair:3   | Noticed Gastronok
 19578 | Lair:3   | Killed Gastronok
 19579 | Lair:3   | Reached skill level 5 in Air Magic
 19726 | Lair:3   | Noticed Rupert
 19856 | Lair:3   | Killed Rupert
 20178 | Lair:4   | Noticed an eight-headed hydra
 20183 | Lair:4   | Killed an eight-headed hydra
 20569 | Lair:4   | Reached **** piety under Vehumet
 20570 | Lair:4   | Reached skill level 5 in Translocations
 20693 | Lair:4   | Noticed a five-headed hydra
 20699 | Lair:4   | Killed a five-headed hydra
 20700 | Lair:4   | Gained mutation: You have a pair of large antennae on your
                  | head. (SInv) [demonic ancestry]
 20700 | Lair:4   | Reached XP level 13. HP: 99/99 MP: 24/25
 20800 | Lair:4   | Identified the +1 robe of Submission {rPois}
 20818 | Lair:4   | Offered knowledge of Airstrike by Vehumet.
 21200 | Lair:4   | Identified the +0 pair of boots of Zintaing {Rampage Will+
                  | MP-9 Str+6}
 21516 | Lair:4   | Found a viscous altar of Jiyva.
 21806 | Lair:4   | Found a staircase to the Slime Pits.
 22571 | Lair:5   | Entered Level 5 of the Lair of Beasts
 22855 | Lair:4   | Learned a level 5 spell: Fireball
 22862 | Lair:5   | Noticed Josephine
 22869 | Lair:5   | Killed Josephine
 22870 | Lair:5   | Reached skill level 10 in Conjurations
 22873 | Lair:4   | Reached skill level 1 in Fire Magic
 24242 | Lair:5   | Reached ***** piety under Vehumet
 24249 | Lair:5   | Offered knowledge of Yara's Violent Unravelling by Vehumet.
 25658 | Lair:5   | Gained mutation: You are completely covered in rugged brown
                  | scales. (AC +3, +7% HP) [demonic ancestry]
 25658 | Lair:5   | Reached XP level 14. HP: 97/112 MP: 27/27
 26134 | D:8      | Gained mutation: Your spells are a little harder to cast,
                  | but a little more powerful. [potion of mutation]
 26134 | D:8      | Gained mutation: You have large cloven feet. [potion of
                  | mutation]
 26190 | D:9      | Killed flotson's ghost
 26289 | D:5      | Killed Veterankin's ghost
 26290 | D:5      | Reached skill level 5 in Fire Magic
 26770 | D:11     | Offered knowledge of Starburst by Vehumet.
 26849 | D:11     | Found Juymajoc's Jewellery Emporium.
 26854 | D:11     | Noticed Lodul
 26860 | D:11     | Killed Lodul
 27575 | D:12     | Reached skill level 10 in Spellcasting
 28399 | D:12     | Reached skill level 11 in Conjurations
 29303 | Swamp:1  | Entered Level 1 of the Swamp
 30150 | Swamp:1  | Reached skill level 10 in Ice Magic
 30474 | Swamp:2  | Noticed a thorn hunter
 30478 | Swamp:2  | Killed a thorn hunter
 31403 | Swamp:3  | Reached XP level 15. HP: 109/120 MP: 26/29
 32437 | Swamp:3  | Noticed Jorgrun
 32447 | Swamp:3  | Killed Jorgrun
 33259 | Swamp:3  | Learned a level 3 spell: Ozocubu's Armour
 33675 | D:$      | Got out of the dungeon alive.

Illustrated notes

Levels and vault maps discovered:
D:1:      dpeg_arrival_simpleton_a, layout_rooms,
          ebering_ecumenical_altar_abandoned, minmay_vboxes
D:2:      layout_rooms, basic_altar
D:3:      layout_loops_ring, grunt_gozag_breadcrumbs, serial_shops,
          nicolae_shop_hallway_plus
D:4:      cheibrodos_helix_gallery, layout_loops_ring,
          mainiacjoe_overflow_alcove_1, evilmike_ruin_ashenzari, serial_demonic,
          serial_demonic_c, serial_demonic_d, serial_demonic_c,
          serial_demonic_c, minmay_starry_boxes
D:5:      layout_basic, okawaru_ov_weapons_minmay,
          mainiacjoe_overflow_concentric_impassable,
          minmay_temple_entry_butterflies, ebering_ghost_sewer_d
D:6:      layout_basic, fedhas_altar_1
D:7:      layout_cave_pods, nicolae_qazlal_scattered_showers
D:8:      layout_basic, nicolae_ru_the_path_less_chosen, lemuel_crystal_altar,
          erik_lair_island, chequers_serial_rivers_micro_a,
          roderic_roman_lattice
D:9:      layout_loops_cross, dk_yredelemnul_ordeal, general_overflow_altar,
          gammafunk_ghost_grave
D:10:     layout_layer_cave, david_orc_5, serial_shops, nicolae_stop_n_shop_2
D:11:     layout_basic, serial_shops, shop, minmay_misc_feat_more_columns,
          uniq_lodul
D:12:     layout_basic
Temple:   jpeg_temple_clearing
Lair:1:   minmay_guarded_unrand_snakebite, layout_cave_pods,
          nicolae_lair_lindhole, uniq_maggie
Lair:2:   layout_cave_shapes, palyth_hydra_swamp_entry,
          nicolae_spider_entry_tight_spaces, beast_lair_carwin_3
Lair:3:   layout_misc_corridors, grunt_megastairs_3, uniq_rupert,
          uniq_prince_ribbit2, uniq_gastronok
Lair:4:   layout_gridlike, minmay_slime_entry_oklob_enclosed, minivault_26
Lair:5:   minmay_lair_end_frog_pond, layout_cave_pods,
          grunt_forest_small_clearings, uniq_josephine
Swamp:1:  layout_falls_marsh, nicolae_swamp_small_spring, swamp_pool5
Swamp:2:  layout_falls_marsh, infiniplex_staircase_pool
Swamp:3:  layout_basic_swamp, evilmike_swamp_ruin_house_3, swamp_pool5,
          uniq_jorgrun

Skill      XL: |  1  2  3  4  5  6  7  8  9 10 11 12 13 14 15 |
---------------+----------------------------------------------+-----
Conjurations   | 5 6 7 8 9 10 11 | 11.7
Spellcasting   | 3 4 5 6 7 8 9 10 | 10.8
Hexes          | 2 3 4 5 |  5.0
Ice Magic      | 2 4 5 6 8 9 10 | 10.4
Dodging        | 2 3 4 5 6 7 8 9 |  9.0
Fighting       | 2 3 4 5 6 8 9 |  9.5
Short Blades   | 3 4 |  4.4
Translocations | 1 3 5 |  5.0
Armour         | 6 |  6.0
Air Magic      | 4 5 |  5.0
Fire Magic     | 4 7 8 |  8.2
Stealth        | |  1.7

Action                   |  1- 3 |  4- 6 |  7- 9 | 10-12 | 13-15 || total
-------------------------+-------+-------+-------+-------+-------++-------
Melee: Dagger            |    22 |     1 |    22 |    26 |       ||    71
       Punch             |     1 |       |       |       |     1 ||     2
       Scimitar          |       |       |     9 |       |       ||     9
       Whip              |       |       |       |    30 |   189 ||   219
 Fire: Sling             |     3 |       |       |       |       ||     3
Throw: Boomerang         |       |       |       |     1 |     9 ||    10
 Cast: Magic Dart        |    53 |    63 |    58 |    28 |     5 ||   207
       Searing Ray       |     4 |    20 |    39 |    67 |    21 ||   151
       Frozen Ramparts   |       |       |    16 |    37 |     7 ||    60
       Fulminant Prism   |       |       |    17 |    68 |    26 ||   111
       Hailstorm         |       |       |     2 |    33 |     5 ||    40
       Freezing Cloud    |       |       |       |    30 |   143 ||   173
       Iskenderun's Myst |       |       |       |     6 |    54 ||    60
       Fireball          |       |       |       |       |    78 ||    78
       Ozocubu's Armour  |       |       |       |       |     1 ||     1
  Use: Scroll            |       |     6 |    10 |     3 |     4 ||    23
       Potion            |       |     1 |     1 |     3 |     3 ||     8
 Stab: Sleeping          |     1 |       |     2 |       |       ||     3
Armor: Robe              |     7 |     2 |    16 |     8 |     6 ||    39
       Ring mail         |       |       |       |     4 |    72 ||    76
       Acid dragon scale |       |       |       |    36 |       ||    36
Dodge: Dodged            |     9 |    13 |    59 |    97 |   164 ||   342
       Repelled          |       |       |     2 |     2 |     7 ||    11

Table legend: (Time is in decaauts)
 A = Elapsed time spent in this place.
 B = Non-inter-level travel time spent in this place.
 C = Inter-level travel time spent in this place.
 D = Time resting spent in this place.
 E = Time spent auto-exploring this place.
 F = Levels seen in this place.
 G = Mean time per level.
                   A        B        C        D        E       F      G
               +--------+--------+--------+--------+--------+-----+--------+
         Total |  34059 |  31217 |   2842 |   9838 |  15760 |  21 | 1621.9 |
       Dungeon |  17573 |  16301 |   1272 |   4166 |   9557 |  12 | 1464.4 |
        Temple |    182 |    174 |      8 |      0 |    144 |   1 |  182.0 |
          Lair |  12198 |  10876 |   1322 |   4051 |   4561 |   5 | 2439.6 |
         Swamp |   4104 |   3865 |    239 |   1621 |   1497 |   3 | 1368.0 |
               +--------+--------+--------+--------+--------+-----+--------+

Top non-repeatable levels by time:
  Lair:4: 3198 daAuts
  Lair:1: 3038 daAuts
     D:8: 2546 daAuts
  Lair:2: 2320 daAuts
  Lair:5: 2041 daAuts
     D:7: 1926 daAuts
    D:10: 1840 daAuts
 Swamp:2: 1695 daAuts
     D:9: 1682 daAuts
  Lair:3: 1600 daAuts
     D:5: 1570 daAuts
 Swamp:1: 1451 daAuts
    D:12: 1443 daAuts
     D:4: 1380 daAuts
    D:11: 1234 daAuts
